Map: 나이트쉐이드 - 래더

Players

Zoun

  • Race: Protoss Protoss
  • Spawn Location: 11:00

Patience - Winner!

  • Race: Protoss Protoss
  • Spawn Location: 5:00

Event: IEM Katowice 2020

VOD

Have the link to the VOD?

Description

Time

  • Played on: Feb. 24, 2020, 4:27 a.m.
  • Length: 7:39

All games in this series

Show
View Real Time Build Order
Export as new Build Order

Zoun Protoss 

Build Orders: Oracle Opening, Phoenix Opening 

Get SALT Encoding   

  12  0:00  Probe  
  13  0:12  Probe  
  14  0:17  Pylon  
  14  0:24  Probe (Chrono Boost)  
  15  0:37  Probe (Chrono Boost)  
  15  0:38  Gateway  
  16  0:42  Probe (Chrono Boost)  
  16  0:46  Assimilator  
  17  0:52  Probe  
  17  0:54  Assimilator  
  18  1:04  Probe (Chrono Boost)  
  18  1:08  Gateway  
  19  1:14  Probe (Chrono Boost)  
  20  1:19  Probe  
  20  1:24  Cybernetics Core  
  21  1:31  Probe  
  22  1:35  Pylon  
  22  1:43  Probe  
  23  1:56  Probe  
  23  2:00  Stargate  
  24  2:03  Warp Gate  
  24  2:10  Adept x2  
  28  2:17  Pylon  
  28  2:19  Probe  
  29  2:32  Probe  
  30  2:41  Oracle (Chrono Boost)  
  30  2:42  Adept x2  
  37  2:59  Probe  
  37  3:00  Pylon  
  38  3:28  Robotics Facility  
  38  3:32  Probe  
  39  3:36  Phoenix (Chrono Boost)  
  39  3:41  Gateway  
  41  3:45  Pylon  
  41  3:52  Stalker x2  
  45  3:58  Probe  
  44  4:17  Immortal  
  44  4:23  Stalker x2  
  48  4:29  Probe  
  46  4:53  Nexus  
  46  5:00  Probe  
  47  5:09  Pylon, Sentry  
  47  5:10  Sentry  
  51  5:27  Warp Prism  
  53  5:30  Probe  
  53  5:34  Pylon  
  54  5:50  Probe (Chrono Boost)  
  54  5:52  Twilight Council  
  54  5:55  Sentry  
  57  6:03  Probe (Chrono Boost), Observer  
  59  6:08  Probe (Chrono Boost)  
  60  6:12  Probe (Chrono Boost)  
  60  6:16  Probe (Chrono Boost)  
  61  6:19  Probe (Chrono Boost)  
  61  6:22  Probe  
  61  6:24  Adept x2  
  65  6:38  Probe (Chrono Boost)  
  65  6:39  Probe (Chrono Boost)  
  68  6:49  Probe (Chrono Boost)  
  68  6:50  Probe (Chrono Boost)  
  68  6:52  Stalker  
  69  6:56  Stalker  
  68  7:08  Probe  
  68  7:09  Probe  
  43  7:24  Probe x2  
  36  7:37  Nexus  
Show
View Real Time Build Order
Export as new Build Order

Patience Protoss - Winner!

Build Orders:  

Get SALT Encoding   

  12  0:01  Probe  
  13  0:13  Probe  
  14  0:18  Pylon  
  14  0:26  Probe (Chrono Boost)  
  15  0:38  Probe (Chrono Boost), Gateway  
  16  0:45  Probe (Chrono Boost)  
  16  0:49  Assimilator  
  17  0:52  Probe (Chrono Boost)  
  17  0:55  Assimilator  
  19  1:04  Probe (Chrono Boost)  
  19  1:07  Gateway  
  19  1:13  Probe (Chrono Boost)  
  20  1:18  Probe  
  21  1:26  Cybernetics Core  
  21  1:30  Probe  
  22  1:35  Pylon  
  22  1:42  Probe  
  23  1:55  Probe  
  23  2:00  Warp Gate (Chrono Boost)  
  24  2:02  Stalker x2  
  28  2:12  Robotics Facility  
  28  2:24  Pylon  
  28  2:25  Shield Battery  
  28  2:33  Adept  
  30  2:41  Adept  
  32  2:50  Pylon  
  32  2:55  Shield Battery  
  32  2:59  Warp Prism (Chrono Boost)  
  34  3:19  Shield Battery  
  34  3:25  Pylon  
  34  3:28  Observer  
  35  3:40  Sentry  
  35  3:41  Sentry  
  39  3:45  Shield Battery  
  38  3:56  Twilight Council  
  38  4:04  Stalker x2  
  42  4:15  Observer  
  42  4:29  Blink (Chrono Boost)  
  42  4:35  Probe  
  43  4:45  Nexus  
  42  4:49  Pylon  
  42  4:52  Stalker  
  44  4:54  Stalker  
  44  4:59  Gateway  
  46  5:06  Pylon  
  46  5:19  Probe  
  46  5:29  Stalker x2  
  46  5:32  Probe  
  51  5:44  Probe  
  52  5:56  Probe  
  53  5:59  Stalker x2  
  53  6:00  Stalker  
  59  6:08  Probe  
  59  6:09  Probe  
  61  6:20  Probe  
  61  6:21  Probe  
  61  6:24  Observer  
  63  6:33  Probe (Chrono Boost)  
  63  6:34  Stalker x2  
  63  6:35  Probe (Chrono Boost), Stalker  
  67  6:41  Shield Battery  
  67  6:45  Probe (Chrono Boost)  
  68  6:52  Probe (Chrono Boost)  
  64  7:10  Stalker x3  
  66  7:21  Probe x2  
  68  7:33  Stalker x3  

Tags
 
Add a new tag
Caveats
  • Supply blocks, unpowered buildings, or Contaminate may cause inaccurate times.
  • Supply counts are checked every 10 seconds.